 Dungeon Crawl Stone Soup version 0.24-a0-139-geb6712d (webtiles) character file.

Game seed: 5465060060861548376

317 emperorscorpion the Insei (level 6, -4/30 HPs)
             Began as a Vine Stalker Skald on Mar 3, 2019.
             Was a Follower of Lugonu.
             Killed by divine providence
             ... invoked by an orc priest
              (9 damage)
             ... on level 4 of the Dungeon.
             The game lasted 00:08:31 (4394 turns).

emperorscorpion the Insei (Vine Stalker Skald)      Turns: 4394, Time: 00:08:32

Health: -4/30      AC:  9    Str: 13    XL:     6   Next: 45%
Magic:  0/10       EV:  4    Int: 15    God:    Lugonu [*.....]
Gold:   197        SH: 10    Dex: 14    Spells: 8/9 levels left

rFire    + + +     SeeInvis .     - Unarmed
rCold    x . .     Gourm    .   q - +0 large shield
rNeg     . . .     Faith    .   m - +0 fire dragon scales
rPois    .         Spirit   +   (no helmet)
rElec    .         Reflect  .   (no cloak)
rCorr    .         Harm     .   (no gloves)
MR       .....                  (no boots)
Stlth    ..........             (no amulet)
HPRegen  0.50/turn              k - ring of protection from fire
MPRegen  0.12/turn              (no ring)

@: no status effects
A: fangs 2, regeneration 1, magic shield, antimagic bite, no potion heal 3, rot
immunity
a: Depart the Abyss, Renounce Religion


You were on level 4 of the Dungeon.
You worshipped Lugonu.
Lugonu was aware of your devotion.
You were not hungry.

You visited 1 branch of the dungeon, and saw 4 of its levels.
You visited the Abyss 1 time.

You collected 197 gold pieces.

Inventory:

Missiles
 h - 35 poisoned needles
 r - 4 tomahawks (quivered)
Armour
 a - a +1 leather armour
 i - a +0 scale mail
 m - +0 fire dragon scales (worn)
 q - a +0 large shield (worn)
Jewellery
 k - a ring of protection from fire (left hand)
Scrolls
 b - a scroll of fear
 e - 3 scrolls of identify
 j - a scroll of amnesia
 l - 5 scrolls of enchant armour
Potions
 d - 2 potions of curing
 g - 2 potions of ambrosia {unknown}
 n - a potion of degeneration {unknown}
 o - a potion of agility {unknown}
 p - a potion of brilliance {unknown}
 s - a potion of flight {unknown}
Comestibles
 c - 7 rations
 f - 2 chunks of flesh


   Skills:
 + Level 2.3 Fighting
 + Level 3.0 Armour
 + Level 2.6 Dodging
 + Level 0.6 Stealth
 + Level 3.8 Unarmed Combat
 + Level 2.3 Spellcasting
 + Level 3.3 Charms


You had 8 spell levels left.
You knew the following spells:

 Your Spells              Type           Power        Failure   Level  Hunger
a - Infusion              Chrm           ##..         100%        1    #......

Your spell library contained the following spells:

 Spells                   Type           Power        Failure   Level  Hunger
 Shroud of Golubria       Chrm/Tloc      #.........   100%        2    ###....
 Song of Slaying          Chrm           ##......     100%        2    ###....
 Regeneration             Chrm/Necr      #.........   100%        3    ###....
 Spectral Weapon          Hex/Chrm       #.......     100%        3    ###....


Dungeon Overview and Level Annotations

Branches:
Dungeon (4/15)
 Temple: D:4-7

Altars:
Elyvilon
Gozag
Kikubaaqudgha
Nemelex Xobeh
Okawaru
Uskayaw
Vehumet
Yredelemnul
Zin
The Shining One

Annotations:
D:2 1 runed translucent door, Crazy Yiuf, Sigmund
D:3 1 runed translucent door


Innate Abilities, Weirdness & Mutations

You have extremely sharp teeth.
Your natural rate of healing is unusually fast.
When hurt, damage is shared between your health and your magic reserves.
Your bite disrupts and absorbs the magic of your enemies.
Potions cannot restore your health.
You are immune to rotting.


Message History

The orc priest moves out of view.
You hear a shout!
You hit the orc.
The orc is heavily wounded.
The orc priest invokes the aid of Beogh against you.
Beogh smites you!
You are too injured to fight recklessly!
You are too injured to fight recklessly!
You are too injured to fight recklessly!
You block the orc's attack.
The orc priest invokes the aid of Beogh against you.
Beogh smites you!
* * * LOW HITPOINT WARNING * * *
Okay, then.
Your shield and fire dragon scales prevent you from hitting the orc priest.
Your bite misses the orc priest. You block the orc's attack.
The orc priest hits you but does no damage.
The orc priest invokes the aid of Beogh against you.
Beogh smites you!
You die...

# ##### #. #...
#####.#####.#
...........o#
####.#.###@#
#....##oo...#
#####.....###.###
.........####.#
#####........[#
#..#...#..#
#.###.## # .
##..#...# .
#....._...


You could see 2 orc priests and an orc.

Vanquished Creatures
  2 hounds (D:4)
  An orc priest (D:4)
  2 orc wizards (D:4)
  5 adders
  5 worms
  4 dart slugs
  4 leopard geckos
  14 orcs
  A ball python (D:3)
  4 bats
  6 giant cockroaches
  5 goblins
  6 hobgoblins
  5 jackals
  8 kobolds
  A quokka (D:3)
  3 frilled lizards
  A goblin skeleton (D:3)
  A goblin zombie (D:3)
  A jackal skeleton (D:4)
  A jackal zombie (D:3)
  8 rats
88 creatures vanquished.

Notes
Turn   | Place    | Note
-------+----------+-------------------------------------------
     0 | D:1      | emperorscorpion the Vine Stalker Skald began the quest for
                  | the Orb.
     0 | D:1      | Reached XP level 1. HP: 11/11 MP: 4/4
   223 | D:1      | Reached XP level 2. HP: 14/15 MP: 6/6
   583 | D:1      | Reached skill level 1 in Armour
   650 | D:1      | Reached XP level 3. HP: 12/18 MP: 7/7
  1414 | D:2      | Noticed Sigmund
  2103 | D:2      | Found a glowing golden altar of the Shining One.
  2147 | D:2      | Found a runed translucent door.
  2148 | D:2      | Noticed Crazy Yiuf
  2431 | D:3      | Found a sparkling altar of Nemelex Xobeh.
  2519 | D:3      | Found a runed translucent door.
  2519 | D:3      | Noticed a human
  2556 | D:3      | Gained mutation: Your natural rate of healing is unusually
                  | fast. [Vine Stalker growth]
  2556 | D:3      | Reached XP level 4. HP: 3/23 MP: 1/8
  2647 | D:3      | Found a basalt altar of Yredelemnul.
  2689 | D:3      | Found an iron altar of Okawaru.
  2974 | D:3      | Found an ancient bone altar of Kikubaaqudgha.
  3052 | D:3      | Found an opulent altar of Gozag.
  3062 | D:3      | Found a glowing silver altar of Zin.
  3298 | D:3      | Found a white marble altar of Elyvilon.
  3539 | D:4      | Reached XP level 5. HP: 17/26 MP: 6/9
  3847 | D:4      | Cast into level 1 of the Abyss (orc)
  3858 | Abyss:1  | Found a corrupted altar of Lugonu.
  3863 | Abyss:1  | Noticed an Executioner
  3868 | Abyss:1  | Became a worshipper of Lugonu the Unformed
  3868 | Abyss:1  | Reached * piety under Lugonu
  3869 | D:4      | Escaped the Abyss
  4000 | D:4      | Reached XP level 6. HP: 11/30 MP: 7/10
  4078 | D:4      | Found a hide-covered altar of Uskayaw.
  4374 | D:4      | Found a radiant altar of Vehumet.
  4394 | D:4      | Killed from afar by an orc priest

Levels and vault maps discovered:
D:1:      tarquinn_simple_flora_water_d, layout_loops_ring
D:2:      layout_basic, nicolae_tso_swordbearing_angel, uniq_sigmund,
          uniq_crazy_yiuf_cottage
D:3:      layout_rooms, grunt_temple_overflow_gold_and_silver, elyvilon_altar_3,
          marbit_many_paths, okawaru_gym_becter,
          nemelex_xobeh_ov_fountains_minmay, first_ration, dk_yredelemnul_ordeal
D:4:      minmay_chambers_of_threes, layout_loops_corners,
          eat_drink_and_be_merry_uskayaw, vehumet_crystals
Abyss:1

Skill      XL: |  1  2  3  4  5  6 |
---------------+-------------------+-----
Armour         | 1 2 3 |  3.0
Dodging        | 2 |  2.6
Fighting       | 2 |  2.3
Unarmed Combat | 3 |  3.8
Stealth        | |  0.6
Spellcasting   | |  2.3
Charms         | |  3.3

Action                   |  1- 3 |  4- 6 || total
-------------------------+-------+-------++-------
Melee: Unarmed           |   192 |   269 ||   461
       Bite              |    35 |    62 ||    97
       Punch             |     1 |       ||     1
Invok: Depart the Abyss  |       |     1 ||     1
  Use: Scroll            |     5 |     1 ||     6
       Potion            |     1 |     2 ||     3
 Stab: Sleeping          |     1 |     1 ||     2
  Eat: Chunk             |     2 |     6 ||     8
       Ration            |     1 |       ||     1
Armor: Leather armour    |    46 |    26 ||    72
       Fire dragon scale |       |    63 ||    63
Dodge: Dodged            |   114 |   103 ||   217
Block: Large shield      |       |    35 ||    35

Table legend:
 A = Non-vault XP
 B = Vault XP
 C = Vault XP percentage of total XP
 D = Non-vault monster count
 E = Vault monster count
 F = Vault count percentage of total count
                 A         B        C        D         E       F
            +---------+---------+-------+---------+---------+-------
      Total |     327 |     127 |  28.0 |      76 |      12 |  13.6
            +---------+---------+-------+---------+---------+-------
        D:1 |      48 |       0 |   0.0 |      24 |       0 |   0.0
        D:2 |      37 |       0 |   0.0 |      11 |       0 |   0.0
        D:3 |      67 |       5 |   6.9 |      26 |       4 |  13.3
        D:4 |     175 |     122 |  41.1 |      15 |       8 |  34.8
            +---------+---------+-------+---------+---------+-------
